 Dungeon Crawl Stone Soup version 0.32-a0-450-g080537f31e (webtiles) character file.

Game seed: 6154802005759744700

71 Persephone the Chopper (level 4, -1/38 HPs)
             Began as a Mountain Dwarf Monk on Feb 23, 2024.
             Slain by Robin
             ... wielding a +0 whip
              (2 damage)
             ... on level 2 of the Dungeon.
             The game lasted 00:01:51 (1278 turns).

Persephone the Chopper (Mountain Dwarf Monk)        Turns: 1278, Time: 00:01:52

Health: -1/38      AC:  6    Str: 16    XL:     4   Next: 5%
Magic:  4/4        EV:  9    Int: 10    God:
Gold:   28         SH:  0    Dex: 12    Spells: 3/3 levels left

rFire   . . .        a - +0 hand axe
rCold   . . .        d - orb {light}
rNeg    . . .        i - +0 scale mail
rPois   .            (no helmet)
rElec   .            (no cloak)
rCorr   .            (no gloves)
SInv    .            (no boots)
Will    .....        (no amulet) Stlth
                     (no ring)
HPRegen 0.26/turn    (no ring)
MPRegen 0.09/turn

%: no passive effects
@: glowing
A: runic magic, artefact enchanting
a: no special abilities


You were on level 2 of the Dungeon.
You visited 1 branch of the dungeon, and saw 2 of its levels.

You collected 28 gold pieces.

Inventory:

Hand Weapons
 a - a +0 hand axe (weapon)
Armour
 b - a +0 robe
 d - an orb of light (worn)
 i - a +0 scale mail (worn)
Scrolls
 f - a scroll of noise
 g - a scroll of fog {unknown}
 h - a scroll of blinking {unknown}
 j - a scroll of poison {unknown}


   Skills:
 - Level 3.2 Fighting
 + Level 6.0 Axes
 - Level 2.1 Dodging


You had 3 spell levels left.
You didn't know any spells.
Your spell library was empty.

Dungeon Overview and Level Annotations

Branches:
Dungeon (2/15)

Altars:

Annotations:
D:2 1 runed translucent door, Crazy Yiuf, Robin, Sigmund


Innate Abilities, Weirdness & Mutations

Your spellcasting is much less encumbered by armour.
You can use scrolls of enchantment on lesser artefacts.


Message History

Robin closely misses you. The hobgoblin closely misses you.
Sigmund casts a spell at you. The puff of flame misses you.
The goblin hits you with a +0 dagger.
* * * LOW HITPOINT WARNING * * *
The goblin hits you with a +0 club.
* * * LOW HITPOINT WARNING * * *
You hit Sigmund.
Sigmund is moderately wounded.
You hit Robin but do no damage. You barely miss the goblin.
You hit the hobgoblin but do no damage. You hit the goblin.
You kill the goblin!
Robin throws the goblin at you! Sigmund hits you with a +0 scythe.
* * * LOW HITPOINT WARNING * * *
The hobgoblin hits you.
* * * LOW HITPOINT WARNING * * *
The goblin hits you but does no damage.
You hit Sigmund.
Sigmund is moderately wounded.
You hit Robin but do no damage. You hit the goblin.
You kill the goblin!
You hit the goblin.
You kill the goblin!
You hit the hobgoblin.
You kill the hobgoblin!
You hit the hobgoblin.
Robin says, "Bow before me, strongest of all the hobgoblins!"
Robin barely misses you. The hobgoblin hits you.
* * * LOW HITPOINT WARNING * * *
Your Axes skill increases to level 6!
You have reached level 4!
You feel stronger.
As you read the scroll labelled RYUTU KAMNI, it crumbles to dust.
It is a scroll of identify.
f - a scroll of noise The goblin no longer looks unusually strong.
Sigmund hits you with a +0 scythe.
* * * LOW HITPOINT WARNING * * *
Robin hits you with a +0 whip.
You die...
Robin says, "And that's why I'm the boss."

####..##
##.#.....#
#.....# #.......#
#.###)##
##.#.....# #
##.###.##.....#
#.......##.###
###.#†###.##.####
#...#.##.........
#.###.##)........
#.# #.##†@g......
#.# #.##g@gg.....
#.# #.##.g.....!.
#.# #..#.........
#.# ##.#...g.....
#.# .#.........
#.# #.........
#####.##.# .#


You could see Sigmund (invisible), Robin, a hobgoblin (strong) and 4 goblins.

Vanquished Creatures
  2 adders (D:2)
  A dart slug (D:2)
  6 ball pythons
  2 bats
  5 endoplasms
  7 goblins
  8 hobgoblins
  2 jackals (D:1)
  A quokka (D:1)
  A frilled lizard (D:1)
  5 kobolds
  7 rats
47 creatures vanquished.

Notes
Turn   | Place    | Note
-------+----------+-------------------------------------------
     0 | D:1      | Persephone the Mountain Dwarf Monk began the quest for the
                  | Orb.
     0 | D:1      | Reached XP level 1. HP: 19/19 MP: 1/1
    30 | D:1      | Reached skill level 4 in Axes
    55 | D:1      | Reached XP level 2. HP: 16/26 MP: 2/2
   449 | D:1      | Reached skill level 5 in Axes
   565 | D:1      | Reached XP level 3. HP: 31/31 MP: 3/3
  1048 | D:2      | Found a runed translucent door.
  1050 | D:2      | Noticed Crazy Yiuf
  1241 | D:2      | Noticed Sigmund
  1263 | D:2      | Noticed Robin
  1278 | D:2      | Reached skill level 6 in Axes
  1278 | D:2      | Reached XP level 4. HP: 5/38 MP: 4/4
  1278 | D:2      | HP: 1/38 [Sigmund/+0 scythe (4)]
  1278 | D:2      | Slain by Robin

Illustrated notes

Levels and vault maps discovered:
D:1:      ldierk_walled_garden_2, layout_basic, minmay_misc_feat_enclosed
D:2:      layout_loops_ring, uniq_sigmund, uniq_crazy_yiuf_cottage, uniq_robin

Skill      XL: |  1  2  3 |
---------------+----------+-----
Axes           | 4 5 6 |  6.0
Fighting       | |  3.2
Dodging        | |  2.1

Action                     |  1- 3 |  4- 6 || total
---------------------------+-------+-------++-------
  Melee: Hand axe          |   122 |       ||   122
    Use: Potion            |     1 |       ||     1
         Scroll            |       |     1 ||     1
 Armour: Robe              |    36 |       ||    36
         Scale mail        |    42 |     2 ||    44
  Dodge: Dodged            |    63 |       ||    63

Table legend: (Time is in decaauts)
 A = Elapsed time spent in this place.
 B = Non-inter-level travel time spent in this place.
 C = Inter-level travel time spent in this place.
 D = Time resting spent in this place.
 E = Time spent auto-exploring this place.
 F = Levels seen in this place.
 G = Mean time per level.
                   A        B        C        D        E       F      G
               +--------+--------+--------+--------+--------+-----+--------+
         Total |   1283 |   1211 |     72 |      0 |    933 |   2 |  641.5 |
       Dungeon |   1283 |   1211 |     72 |      0 |    933 |   2 |  641.5 |
               +--------+--------+--------+--------+--------+-----+--------+

Top non-repeatable levels by time:
     D:1: 966 daAuts
     D:2: 317 daAuts
